 Dungeon Crawl Stone Soup version 0.31.0-32-g396128a36d (webtiles) character file.

Game seed: 1086494079024290351

1402 mainiacjoe the Conjurer (level 8, -2/61 HPs)
             Began as an Octopode Conjurer on Apr 5, 2024.
             Was a Believer of Hepliaklqana.
             Slain by an orc priest
             ... wielding a +0 war axe
              (7 damage)
             ... on level 9 of the Dungeon.
             The game lasted 00:17:08 (7283 turns).

mainiacjoe the Conjurer (Octopode Conjurer)         Turns: 7283, Time: 00:17:09

Health: -2/61      AC: 31    Str:  7    XL:     8   Next: 69%
Magic:  6/15       EV:  2    Int: 22    God:    Hepliaklqana [**....]
Gold:   238        SH:  0    Dex: 10    Spells: 3/17 levels left

rFire   . . .        a - +0 short sword (protect)
rCold   . . .        (no shield)
rNeg    + . .        (helmet currently unavailable)
rPois   +            d - amulet of the acrobat
rElec   .            m - ring of positive energy
rCorr   .            (no ring)
SInv    .            (no ring)
Will    .....        (no ring)
Stlth   ++           (no ring)
HPRegen 0.30/turn    (no ring)
MPRegen 0.14/turn    (no ring)
                     (no ring)

%: acrobat
@: mighty, tree-form, weak-willed, under a protective aura
A: stationary, stasis, torment immunity, boosted hp, reduced essence, almost no
armour, (amphibious), 8 rings, (camouflage 1), (gelatinous body 1), (nimble
swimmer 1), (tentacles)
a: Renounce Religion, Ancestor Life: Knight, Ancestor Life: Battlemage, Ancestor
Life: Hexer, Recall Ancestor, Ancestor Identity


You were on level 9 of the Dungeon.
You worshipped Hepliaklqana.
Hepliaklqana was pleased with you.
You were a tree.
You visited 1 branch of the dungeon, and saw 7 of its levels.

You collected 238 gold pieces.

Inventory:

Hand Weapons
 a - a +0 short sword of protection (weapon)
Missiles
 b - 64 stones
 j - 11 poisoned darts
 n - 9 javelins
Armour
 o - an orb of guile
Jewellery
 d - an amulet of the acrobat (around neck)
 m - a ring of positive energy (left branch)
 p - a ring of ice
Wands
 i - a wand of paralysis (8)
Scrolls
 w - a scroll of brand weapon
Potions
 c - 2 potions of magic
 e - 2 potions of lignification
 f - a potion of might
 g - a potion of curing {unknown}
 h - 2 potions of haste
 k - a potion of attraction {unknown}
 l - a potion of berserk rage {unknown}
 q - 2 potions of enlightenment
 s - 2 potions of heal wounds {unknown}
 t - a potion of resistance {unknown}
 u - a potion of mutation {unknown}
 v - a potion of ambrosia {unknown}


   Skills:
 - Level 2.0 Dodging
 - Level 2.6 Stealth
 - Level 5.0 Spellcasting
 * Level 7.1 Conjurations
 + Level 5.7 Translocations
 + Level 3.5 Alchemy


You had 3 spell levels left.
You knew the following spells:

 Your Spells              Type           Power      Damage    Failure   Level
a - Magic Dart            Conj           100%       1d8       1%          1
b - Searing Ray           Conj           74%        2d7       1%          2
c - Iskenderun's Mystic   Conj/Tloc      33%        2d8       7%          4
d - Fulminant Prism       Conj/Alch      14%        3d9       11%         4
e - Teleport Other        Tloc           30%        N/A       2%          3

Your spell library contained the following spells:

 Spells                   Type           Power      Damage    Failure   Level
 Apportation              Tloc           60%        N/A       1%          1
 Lesser Beckoning         Tloc           60%        N/A       1%          2
 Gell's Gravitas          Tloc           30%        N/A       2%          3
 Jinxbite                 Hex            10%        N/A       16%         2
 Tukima's Dance           Hex            5%         N/A       30%         3
 Dimensional Bullseye     Hex/Tloc       9%         N/A       30%         4
 Alistair's Intoxication  Alch           14%        N/A       54%         5


Dungeon Overview and Level Annotations

Branches:
Dungeon (6/15)
 Temple: D:4-7

Altars:
Dithmenos
Gozag
Hepliaklqana
Nemelex Xobeh
Qazlal
Ru
Trog
Xom
Yredelemnul

Annotations:
D:5 3 runed translucent doors, exclusion: player ghost, PaiMei's ghost, novice DsNe


Innate Abilities, Weirdness & Mutations

You are a tree.
Your roots penetrate the ground, keeping you stationary.
You cannot be teleported.
You are immune to unholy pain and torment.
Your maximum health is greatly increased.
Your life essence is reduced to manifest your ancestor. (-10% HP)
You cannot wear most types of armour.
((You are amphibious.))
You can wear up to eight rings at the same time.
((Your skin changes colour to match your surroundings (Stealth+).))
((Your rubbery body absorbs attacks. (AC +1, EV +1)))
((You are camouflaged when in or above water. (Stealth+)))
((You have tentacles for arms and can constrict up to eight enemies at once.))


Message History

Your weapon exudes an aura of protection.
The troll is lightly wounded.
The troll bites you. The troll claws you. The troll closely misses you.
You hit the troll. Your squeeze misses the troll.
The troll is lightly wounded.
The troll closely misses you. The troll barely misses you. The troll claws you!
* * * LOW HITPOINT WARNING * * *
The orc priest shouts!
You hit the troll.
The troll is lightly wounded.
You hear a shout!
The troll bites you but does no damage.
The troll claws you but does no damage. x2
You barely miss the troll.
The troll is lightly wounded.
The troll bites you but does no damage. The troll closely misses you.
The troll claws you but does no damage.
An acid dragon comes into view.
You completely miss the troll.
The troll is lightly wounded.
The orc priest calls down the wrath of Beogh upon you.
Beogh smites you!
* * * LOW HITPOINT WARNING * * *
The troll misses you. The troll claws you but does no damage.
The troll closely misses you.
Okay, then.
You turn into a tree.
Your roots penetrate the ground.
The orc priest hits you but does no damage.
The troll bites you but does no damage.
The troll claws you but does no damage. x2
You feel very mighty all of a sudden.
The orc priest hits you but does no damage.
The orc priest begins to cast a cantrip, but forgets the words!
The troll bites you but does no damage. The troll claws you.
* * * LOW HITPOINT WARNING * * *
The troll claws you but does no damage.
Unknown command.
You puncture the troll!
Your weapon exudes an aura of protection.
The troll is moderately wounded.
The orc priest hits you with a +0 war axe!
You die...

#.........#.........#.#
#.........#.........#.#
#?........#......Ru.#.#
#............))........
#.........#...o.(...#F.
#.....D...#.........#..
#.........#.........#..
#....†T...#..[......#..
#.....♣o..#####.#####..
#.........o............
#......................
#...........###########
#...........#
#...........#
#############


You could see a troll, an acid dragon and 2 orc priests.

Vanquished Creatures
  A black bear (D:4)
  An ogre (D:5)
  A bullfrog (D:9)
  2 necrophages (D:5)
  A bullfrog zombie (D:5)
  A bombardier beetle (D:4)
  A human zombie (D:5)
  A centaur zombie (D:5)
  A hound (D:5)
  3 iguanas
  2 hound zombies (D:5)
  3 gnolls (D:4)
  10 adders
  A white imp (D:5)
  2 ufetubi
  A ribbon worm (D:2)
  3 dart slugs
  An orc (D:9)
  9 endoplasms
  2 giant cockroaches
  5 goblins
  6 hobgoblins
  12 jackals
  4 kobolds
  3 quokkas
  3 ball pythons
  7 bats
  3 frilled lizards
  5 rats
95 creatures vanquished.

Vanquished Creatures (collateral kills)
  2 black bears (D:6)
  2 scorpions
  A wight (D:5)
  A hound (D:6)
  A jelly (D:6)
  2 sleepcaps
  A hound zombie (D:5)
  3 mummies (D:5)
  A gnoll (D:4)
  A white imp (D:6)
  2 ufetubi
  A ribbon worm (D:5)
  An orc (D:9)
19 creatures vanquished.

Vanquished Creatures (others)
  An ancestor (D:9)
1 creature vanquished.

Grand Total: 115 creatures vanquished

Notes
Turn   | Place    | Note
-------+----------+-------------------------------------------
     0 | D:1      | mainiacjoe the Octopode Conjurer began the quest for the
                  | Orb.
     0 | D:1      | Reached XP level 1. HP: 11/11 MP: 3/3
    58 | D:1      | Reached skill level 1 in Translocations
   430 | D:1      | Reached XP level 2. HP: 17/17 MP: 0/5
   433 | D:1      | Learned a level 2 spell: Searing Ray
   487 | D:1      | Found a faded altar of an unknown god.
  1108 | D:2      | Reached XP level 3. HP: 21/21 MP: 1/6
  1476 | D:2      | Found a bloodstained altar of Trog.
  1718 | D:2      | Reached XP level 4. HP: 27/27 MP: 4/7
  1723 | D:2      | Learned a level 4 spell: Iskenderun's Mystic Blast
  2890 | D:3      | Found a hazy altar of Hepliaklqana.
  2993 | D:3      | Reached XP level 5. HP: 31/31 MP: 3/9
  3734 | D:3      | Became a worshipper of Hepliaklqana the Forgotten
  3875 | D:4      | Found a sacrificial altar of Ru.
  4164 | D:4      | Found a shadowy altar of Dithmenos.
  4256 | D:4      | Found an opulent altar of Gozag.
  4740 | D:4      | Reached XP level 6. HP: 35/36 MP: 5/11
  4798 | D:4      | Noticed a black bear
  4802 | D:4      | Killed a black bear
  4944 | D:4      | Reached * piety under Hepliaklqana
  4949 | D:4      | Found a shimmering altar of Xom.
  4963 | D:4      | Found a sparkling altar of Nemelex Xobeh.
  5269 | D:5      | Entered Level 5 of the Dungeon
  5345 | D:5      | Reached skill level 5 in Conjurations
  5433 | D:5      | Learned a level 4 spell: Fulminant Prism
  5491 | D:5      | Identified the +5 plate armour of Baldness {Rampage Str-2
                  | SInv}
  5579 | D:5      | Reached XP level 7. HP: 32/36 MP: 5/12
  5836 | D:5      | Reached skill level 1 in Alchemy
  6042 | D:5      | Reached skill level 5 in Translocations
  6146 | D:5      | Found a basalt altar of Yredelemnul.
  6155 | D:5      | Reached skill level 6 in Conjurations
  6368 | D:5      | Reached XP level 8. HP: 41/41 MP: 14/14
  6372 | D:5      | Learned a level 3 spell: Teleport Other
  6373 | D:5      | Found a runed translucent gate.
  6373 | D:5      | Found a runed translucent gate.
  6376 | D:5      | Found a runed translucent gate.
  6380 | D:5      | Noticed PaiMei's ghost (novice DsNe)
  6770 | D:6      | Found a stormy altar of Qazlal.
  7109 | D:6      | Reached skill level 5 in Spellcasting
  7109 | D:6      | Reached skill level 7 in Conjurations
  7223 | D:6      | You fall into a shaft and drop 3 floors!
  7223 | D:9      | Reached ** piety under Hepliaklqana
  7233 | D:9      | Noticed a red ugly thing
  7262 | D:9      | Noticed a troll
  7283 | D:9      | Slain by an orc priest

Illustrated notes

Levels and vault maps discovered:
D:1:      minmay_arrival_cross, layout_loops_ring,
          hellmonk_ecumenical_altar_run_dry
D:2:      layout_basic, basic_altar, minmay_pentomino_v4
D:3:      layout_basic, old_standard_altar, grunt_ministairs_10,
          kennysheep_nondescript
D:4:      layout_loops_ring, lemuel_round_altar,
          nicolae_overflow_quartered_altars, serial_bayou, serial_bayou_ford_a,
          serial_bayou_pond_a, serial_bayou_shore_b, serial_bayou_shore_a,
          minmay_misc_feat_tower
D:5:      layout_rooms, lemuel_mausoleum_altar_yredelemnul,
          ebering_ghost_rock_garden
D:6:      layout_loops_cross, nicolae_qazlal_scattered_showers,
          lexackson_kobold_supper
D:9:      minmay_the_grid_net [minmay_the_grid_box_x, minmay_the_grid_gridbox,
          minmay_the_grid_tri_star, minmay_the_grid_empty,
          minmay_the_grid_plusring, minmay_the_grid_prize_inner_circle],
          layout_cross, overflow_temple_1_default, enter_bailey_5, minivault_19,
          uniq_erolcha

Skill      XL: |  1  2  3  4  5  6  7  8 |
---------------+-------------------------+-----
Translocations | 1 2 3 4 5 |  5.7
Spellcasting   | 3 4 5 |  5.0
Conjurations   | 5 6 7 |  7.1
Alchemy        | 2 3 |  3.5
Dodging        | |  2.0
Stealth        | |  2.6

Action                     |  1- 3 |  4- 6 |  7- 9 || total
---------------------------+-------+-------+-------++-------
  Melee: Short sword       |     8 |    28 |    23 ||    59
         Tentacles         |     4 |     6 |     3 ||    13
         Constrict         |     4 |     5 |     4 ||    13
         Punch             |       |     1 |       ||     1
   Cast: Magic Dart        |    41 |    64 |    20 ||   125
         Searing Ray       |     7 |    24 |    23 ||    54
         Teleport Other    |       |       |     4 ||     4
 Invoke: Recall Ancestor   |       |       |     1 ||     1
    Use: Scroll            |     3 |     5 |     5 ||    13
         Potion            |       |       |     2 ||     2
   Stab: Sleeping          |     1 |     1 |     1 ||     3
 Armour: Skin              |     4 |    21 |    32 ||    57
  Dodge: Dodged            |     9 |    56 |    44 ||   109
